 Dungeon Crawl Stone Soup version 0.25-a0-713-g4845790874 (webtiles) character file.

Game seed: 3927795612839974354, levelgen mode: deterministic

5 Mgcat the Skirmisher (level 1, 0/18 HPs)
             Began as a Mummy Berserker on Apr 5, 2020.
             Was a Follower of Trog.
             Slain by a giant cockroach (2 damage)
             ... on level 1 of the Dungeon.
             The game lasted 00:00:39 (149 turns).

Mgcat the Skirmisher (Mummy Berserker)               Turns: 149, Time: 00:00:39

Health: 0/18       AC:  2    Str: 20    XL:     1   Next: 66%
Magic:  1/1        EV: 12    Int:  6    God:    Trog [*.....]
Gold:   0          SH:  0    Dex: 11    Spells: 0/0 levels left

rFire    x . .     SeeInvis .   a - +0 hand axe
rCold    + . .     Gourm    .   (no shield)
rNeg     + + +     Faith    .   b - +0 animal skin
rPois    ∞         Spirit   .   (no helmet)
rElec    .         Reflect  .   (no cloak)
rCorr    .         Harm     .   (no gloves)
MR       .....                  (no boots)
Stlth    +.........             (no amulet)
HPRegen  0.06/turn              (no ring)
MPRegen  0.07/turn              (no ring)

@: no status effects
A: no food or potions, fire vulnerability, cold resistance 1, negative energy
resistance 3, torment resistance, unbreathing
a: Renounce Religion


You were on level 1 of the Dungeon.
You worshipped Trog.
Trog was aware of your devotion.
You were not hungry.

You visited 1 branch of the dungeon, and saw 1 of its levels.

Inventory:

Hand Weapons
 a - a +0 hand axe (weapon)
Armour
 b - a +0 animal skin (worn)
Scrolls
 c - 2 scrolls of remove curse {unknown}


   Skills:
 + Level 3.1 Fighting
 * Level 2.6 Axes
 - Level 1.5 Armour
 - Level 1.5 Dodging


You couldn't memorise any spells.
You didn't know any spells.
Your spell library was empty.

Dungeon Overview and Level Annotations

Branches:
Dungeon (1/15)

Altars:


Innate Abilities, Weirdness & Mutations

You do not eat or drink.
Your flesh is vulnerable to fire.
You are immune to poison.
Your flesh is cold resistant. (rC+)
You are immune to negative energy. (rN+++)
You are immune to unholy pain and torment.
You can survive without breathing.


Message History

c - a scroll labeled QUDDED GATHROPP
c - 2 scrolls labeled QUDDED GATHROPP (gained 1)
A ball python comes into view.
Spoiler Alert: The ball python (wandering) can constrict!
A ball python is nearby!
Lua error: [string "/dgldir/rcfiles/crawl-git/Mgcat.rc"]:930: invalid capture index Lua error: [string "/dgldir/rcfiles/crawl-git/Mgcat.rc"]:930: invalid capture index The ball python hisses angrily.
The ball python bites you but does no damage.
The ball python barely misses you.
Spoiler Alert: The ball python can constrict!
You hit the ball python.
The ball python is severely wounded.
The ball python closely misses you. The ball python misses you.
You closely miss the ball python.
The ball python is severely wounded.
The ball python bites you but does no damage.
The ball python grabs you. The ball python constricts you.
The ball python barely misses you. The ball python constricts you.
You take 1 damage, and have 17/18 hp.
Spoiler Alert: The ball python can constrict!
You hit the ball python.
You kill the ball python!
Trog accepts your kill.
No target in view!
No target in view!
No target in view!
You open the door.
There is an open door here.
HP restored.
A hobgoblin comes into view.
Health restored: 18 The hobgoblin shouts!
The hobgoblin misses you.
You hit the hobgoblin.
The hobgoblin is moderately wounded.
The hobgoblin hits you.
You take 5 damage, and have 13/18 hp.
MASSIVE DAMAGE!!
You are too injured to fight recklessly!
You are too injured to fight recklessly!
You are too injured to fight recklessly!
You are too injured to fight recklessly!
You hit the hobgoblin.
The hobgoblin is almost dead.
The hobgoblin barely misses you.
You hit the hobgoblin.
You kill the hobgoblin!
Trog accepts your kill.
You see here a hobgoblin corpse.
You start resting.
A goblin comes into view.
A goblin is nearby!
The goblin shouts!
You hit the goblin.
You kill the goblin!
Trog accepts your kill.
You start resting.
HP restored.
You start resting.
A giant cockroach comes into view.
Spoiler Alert: The giant cockroach (wandering) is fast!
Spoiler Alert: The giant cockroach is fast!
The giant cockroach bites you.
You take 1 damage, and have 14/18 hp.
You closely miss the giant cockroach.
The giant cockroach barely misses you. x2
You closely miss the giant cockroach. The giant cockroach barely misses you.
You barely miss the giant cockroach. The giant cockroach bites you. x2
You take 3 damage, and have 11/18 hp.
Spoiler Alert: The giant cockroach is fast!
You closely miss the giant cockroach. The giant cockroach bites you.
You take 2 damage, and have 9/18 hp.
You barely miss the giant cockroach. The giant cockroach bites you.
You take 2 damage, and have 7/18 hp.
You closely miss the giant cockroach.
The giant cockroach closely misses you. x2
The giant cockroach closely misses you.
Spoiler Alert: The giant cockroach is fast!
You closely miss the giant cockroach. The giant cockroach closely misses you.
You barely miss the giant cockroach. The giant cockroach bites you. x2
* * * LOW HITPOINT WARNING * * *
You take 3 damage, and have 4/18 hp.
You closely miss the giant cockroach. The giant cockroach bites you.
* * * LOW HITPOINT WARNING * * *
You take 1 damage, and have 3/18 hp.
Spoiler Alert: The giant cockroach is fast!
A rat comes into view.
The giant cockroach closely misses you. The giant cockroach closely misses you.
A hobgoblin comes into view. It is wielding a +0 club.
The hobgoblin shouts!
The giant cockroach waves its antennae.
The giant cockroach bites you.
* * * LOW HITPOINT WARNING * * *
You take 2 damage, and have 1/18 hp.
Spoiler Alert: The giant cockroach is fast!
There is an open door here.
A goblin comes into view. It is wielding a +0 dagger.
The goblin shouts!
The giant cockroach barely misses you. The giant cockroach bites you.
You die...

#...#...##....#.##.#
...#...##g...#.##.#
.......#'###.##.#
#..g#.#.###.##.#######. #
#.†.#.#..g.............
.##.##.....)..............#
......)......####g........#
###......#...####.........#
#####.##.....@#.........#
#.##......s.........# ##
#.##................# .###
#.#...........##.(....
##.♣#
#.#........[...#######
#♣..## #.#............#
.....###.#............#
#♣.......#.......######
##♣P####.#.......#


You could see a giant cockroach.

Vanquished Creatures
  A hobgoblin (D:1)
  A ball python (D:1)
  3 goblins (D:1)
  A rat (D:1)
6 creatures vanquished.

Notes
Turn   | Place    | Note
-------+----------+-------------------------------------------
     0 | D:1      | Mgcat the Mummy Berserker began the quest for the Orb.
     0 | D:1      | Reached XP level 1. HP: 18/18 MP: 1/1
   127 | D:1      | HP: 4/18 [giant cockroach (2)]
   138 | D:1      | HP: 1/18 [giant cockroach (2)]
   149 | D:1      | Slain by a giant cockroach

Levels and vault maps discovered:
D:1:      sevenhm_arrival_forest_fort_small_4, layout_basic

Action                   || total
-------------------------++-------
Melee: Hand axe          ||    27
Armor: Animal skin       ||     3
Dodge: Dodged            ||    25

Table legend:
 A = Non-vault XP
 B = Vault XP
 C = Vault XP percentage of total XP
 D = Non-vault monster count
 E = Vault monster count
 F = Vault count percentage of total count
                 A         B        C        D         E       F
            +---------+---------+-------+---------+---------+-------
      Total |       8 |       0 |   0.0 |       6 |       0 |   0.0
            +---------+---------+-------+---------+---------+-------
        D:1 |       8 |       0 |   0.0 |       6 |       0 |   0.0
            +---------+---------+-------+---------+---------+-------

Levels and vault maps discovered:
D:1:      sevenhm_arrival_forest_fort_small_4, layout_basic

Table legend:
 A = Turns spent in this place as a percentage of turns spent in the entire game.
 B = Non-inter-level travel turns spent in this place as a percentage of non-inter-level travel turns spent in the entire game.
 C = Inter-level travel turns spent in this place as a percentage of turns spent in this place.
 D = Turns resting spent in this place as a percentage of non-inter-level travel turns spent in this place.
 E = Turns spent auto-exploring this place as a percentage of non-inter-level travel turns spent in this place.
 F = Non-inter-level travel turns spent in this place divided by the number of levels of this place that you've seen.
                   A       B       C       D       E      F
               +-------+-------+-------+-------+-------+----------------------
         Total | 100.0 | 100.0 |   0.0 |  13.4 |  37.6 | 149.0
       Dungeon | 100.0 | 100.0 |   0.0 |  13.4 |  37.6 | 149.0
               +-------+-------+-------+-------+-------+----------------------

Table legend:
 A = Kills in this place as a percentage of kills in entire the game.
 B = Kills by you in this place as a percentage of kills by you in the entire game.
 C = Kills by friends in this place as a percentage of kills by friends in the entire game.
 D = Other kills in this place as a percentage of other kills in the entire game.
 E = Experience gained in this place as a percentage of experience gained in the entire game.
 F = Experience gained in this place divided by the number of levels of this place that you have seen.
                   A       B       C       D       E      F
               +-------+-------+-------+-------+-------+----------------------
         Total | 100.0 | 100.0 |   N/A |   N/A | 100.0 |   8.0
       Dungeon | 100.0 | 100.0 |   N/A |   N/A | 100.0 |   8.0
               +-------+-------+-------+-------+-------+----------------------
